 Dungeon Crawl Stone Soup version 0.17.0-28-g6e173f8 (webtiles) character file.

2326 lucasterio the Geomancer (level 9, -7/52 HPs)
             Began as a Gargoyle Earth Elementalist on Nov 25, 2015.
             Was a Priest of Sif Muna.
             Killed by divine providence
             ... invoked by an orc priest
              (11 damage)
             ... on level 7 of the Dungeon.
             The game lasted 00:44:31 (8109 turns).

lucasterio the Geomancer (GrEE)                     Turns: 8109, Time: 00:44:32

Health: -7/52      AC: 11    Str: 12    XL:     9   Next: 42%
Magic:  3/18       EV: 13    Int: 22    God:    Sif Muna [***...]
Gold:   336        SH:  0    Dex: 10    Spells: 4 memorised, 9 levels left

rFire  x . .     SeeInvis +     H - +3 hand axe
rCold  + . .     Clarity  .     a - +0 robe
rNeg   + . .     SustAt   .     (no shield)
rPois  ∞         Gourm    .     h - +0 helmet {Int+3}
rElec  +         Spirit   .     o - +0 cloak
rCorr  .         Warding  .     z - +1 pair of gloves
rMut   .         Stasis   .     (no boots)
MR     .....                    (no amulet)
Stlth  ++........               p - ring of see invisible
                                y - ring of ice

@: very slightly contaminated, not resistant to hostile enchantments, unstealthy
A: negative energy resistance 1, electricity resistance, unbreathing,
petrification resistance, rot immunity, AC +5
a: Channel Energy, Forget Spell, Renounce Religion


You were on level 7 of the Dungeon.
You worshipped Sif Muna.
Sif Muna was most pleased with you.
You were very hungry.

You visited 1 branch of the dungeon, and saw 7 of its levels.

You collected 336 gold pieces.

Inventory:

Hand Weapons
 w - a +2 hand axe of electrocution
 H - a +3 hand axe (weapon)
 I - a +2 short sword of flaming
 V - a +1 vampiric dagger
 W - a +2 hand axe of draining
 X - a +2 rapier of speed
 Z - a +2 mace of protection
Missiles
 b - 147 stones (quivered)
Armour
 a - a +0 robe (worn)
 h - a +0 helmet of intelligence (worn)
 n - a +2 helmet
 o - a +0 cloak (worn)
 z - a +1 pair of gloves (worn)
 L - a +0 shield
 N - a +1 leather armour of magic resistance
 O - a +0 buckler
Jewellery
 l - an uncursed ring of flight
 p - a ring of see invisible (right hand)
 y - a ring of ice (left hand)
 G - an uncursed amulet of rage
 T - a cursed ring of loudness {unknown}
 U - an uncursed ring of protection from magic {unknown}
 Y - an uncursed amulet of the gourmand {unknown}
Wands
 P - a wand of lightning (10)
 R - a wand of lightning (4)
Scrolls
 e - 2 scrolls of recharging {unknown}
 f - 3 scrolls of remove curse {unknown}
 k - a scroll of blinking {unknown}
 s - 7 scrolls of identify {unknown}
 t - 2 scrolls of noise {unknown}
 A - a scroll of random uselessness {unknown}
 B - a scroll of fear {unknown}
 E - 2 scrolls of teleportation {unknown}
Potions
 g - a potion of heal wounds {unknown}
 i - 2 potions of might {unknown}
 j - 4 potions of curing {unknown}
 m - 3 potions of resistance {unknown}
 r - 2 potions of lignification {unknown}
 u - 3 potions of agility {unknown}
 v - a potion of invisibility {unknown}
 x - 3 potions of brilliance {unknown}
 F - a potion of ambrosia {unknown}
 J - a potion of flight {unknown}
 K - a potion of degeneration {unknown}
Books
 c - a book of Geomancy

   Spells                             Type                      Level
   a - Sandblast                      Earth                        1
   b - Stoneskin                      Transmutation/Earth          2
   c - Passwall                       Transmutation/Earth          3
   d - Stone Arrow                    Conjuration/Earth            3
   e - Petrify                        Transmutation/Earth          4
   f - Lee's Rapid Deconstruction     Earth                        5
 Q - Lee's Almanac of Battle Magic and the Arsonist
   (You found it on level 5 of the Dungeon)

   Spells                             Type                      Level
   a - Conjure Flame                  Conjuration/Fire             3
   b - Fireball                       Conjuration/Fire             5
   c - Bolt of Fire                   Conjuration/Fire             6
Comestibles
 d - 8 bread rations
 q - 12 fruits
 C - 2 beef jerkies
 D - 4 chunks of flesh
 M - a meat ration


   Skills:
 + Level 4.0 Fighting
 + Level 3.5 Dodging
 - Level 2.1 Stealth
 + Level 6.0 Spellcasting
 - Level 4.8 Conjurations
 - Level 0.7 Transmutations
 * Level 10.0 Earth Magic


You had 9 spell levels left.
You knew the following spells:

 Your Spells              Type           Power        Failure   Level  Hunger
a - Sandblast             Erth           ######       1%          1    None
b - Stoneskin             Trmt/Erth      ####....     1%          2    None
c - Stone Arrow           Conj/Erth      #####.       1%          3    #......
d - Lee's Rapid Deconstr  Erth           ######....   4%          5    #####..


Dungeon Overview and Level Annotations

Branches:
Dungeon (7/15)             Temple (0/1) D:4

Altars:
Fedhas
Kikubaaqudgha
Nemelex Xobeh
Okawaru
Sif Muna
Vehumet
The Shining One

Annotations:
D:7 Statics's ghost, novice FoFi


Innate Abilities, Weirdness & Mutations

You are resistant to torment.
Your stone body is resilient (AC +5).
You are immune to poison.
You resist negative energy.
You are resistant to electric shocks.
You can survive without breathing.
You are immune to petrification.
You are immune to rotting.


Message History

You don't have enough magic to cast that spell.
The orc priest calls upon Beogh to heal the orc.
The orc's wounds heal themselves!
The orc wizard hits you but does no damage.
The orc priest invokes the aid of Beogh against you.
Something smites you!
* * * LOW HITPOINT WARNING * * *
The orc wizard casts a spell.
The orc wizard blinks!
You barely miss the orc wizard.
The orc wizard is heavily wounded.
The orc wizard hits you but does no damage.
The orc wizard barely misses you.
The orc wizard hits you but does no damage.
The orc priest invokes the aid of Beogh against you.
Something smites you!
* * * LOW HITPOINT WARNING * * *
The orc priest invokes the aid of Beogh against you.
Something smites you!
You die...

#.......# +....#### #....o..#
#....#..# +########
#.....o.#+###....#..# ........#
#.......#...#....'... ........#
#.......#...#....#... ........#
#...o...#...#..oo#..# ........#
#.......#...#....#..#
........#####.......#...#....#...
###............o@...#...'....#...
..#.................[...#....#...
..'.................#...#....'...
..#.................#####....####
..#.........<....................
'##................(.............
..###########....................
..#.........#....................
..#.........#[...((......####....


You could see 2 orc priests, an orc wizard and an orc.

Vanquished Creatures
  Eustachio (D:4)
  An orc warrior (D:7)
  2 sky beasts
  3 ogres (D:6)
  A phantom (D:5)
  3 centaurs
  Blork the orc (D:5)
  3 giant frogs
  2 crimson imps
  4 orc priests
  A jelly (D:3)
  A giant frog skeleton (D:3)
  3 hounds
  10 orc wizards
  Natasha (thrice) (D:4)
  A killer bee zombie (D:6)
  5 worker ants
  A hound skeleton (D:7)
  Robin (D:4)
  7 adders
  A shadow imp (D:6)
  An ooze (D:5)
  2 worms (D:2)
  8 giant geckos
  29 orcs
  6 bats
  7 giant cockroaches
  11 hobgoblins
  4 kobolds
  3 quokkas
  2 ball pythons
  A giant gecko zombie (D:6)
  9 giant newts
  10 goblins
  8 jackals
  A jackal skeleton (D:4)
  11 rats
168 creatures vanquished.

Notes
Turn   | Place    | Note
--------------------------------------------------------------
     0 | D:1      | lucasterio the Gargoyle Earth Elementalist began the quest for the Orb.
     0 | D:1      | Reached XP level 1. HP: 10/10 MP: 3/3
   475 | D:1      | Reached XP level 2. HP: 16/16 MP: 5/5
   771 | D:1      | Reached skill level 4 in Earth Magic
   929 | D:1      | Reached skill level 1 in Fighting
   998 | D:2      | Reached XP level 3. HP: 18/20 MP: 6/6
  1019 | D:2      | Found a blossoming altar of Fedhas.
  1193 | D:2      | Learned a level 2 spell: Stoneskin
  1199 | D:2      | Learned a level 3 spell: Stone Arrow
  1549 | D:2      | Found a deep blue altar of Sif Muna.
  1552 | D:2      | Became a worshipper of Sif Muna the Loreminder
  1592 | D:2      | Reached skill level 1 in Conjurations
  1865 | D:2      | Reached XP level 4. HP: 25/25 MP: 2/7
  2660 | D:3      | Found a glowing golden altar of the Shining One.
  2707 | D:3      | Reached XP level 5. HP: 30/30 MP: 1/9
  2877 | D:3      | Found a sparkling altar of Nemelex Xobeh.
  3181 | D:3      | Reached XP level 6. HP: 34/36 MP: 6/10
  3535 | D:4      | Noticed Robin
  3582 | D:4      | Killed Robin
  3898 | D:4      | Found a staircase to the Ecumenical Temple.
  3962 | D:4      | Noticed Natasha
  3966 | D:4      | Killed Natasha
  4372 | D:4      | Noticed Eustachio
  4423 | D:4      | Found an ancient bone altar of Kikubaaqudgha.
  4429 | D:4      | Found an iron altar of Okawaru.
  4429 | D:4      | Found a radiant altar of Vehumet.
  4441 | D:4      | Reached * piety under Sif Muna
  4450 | D:4      | Reached skill level 5 in Earth Magic
  4755 | D:4      | Noticed Natasha
  4761 | D:4      | Killed Natasha
  4837 | D:4      | Killed Eustachio
  4837 | D:4      | Reached XP level 7. HP: 39/41 MP: 3/13
  5012 | D:4      | Noticed Natasha
  5020 | D:4      | Killed Natasha
  5151 | D:4      | Learned a level 5 spell: Lee's Rapid Deconstruction
  5170 | D:5      | Entered Level 5 of the Dungeon
  5655 | D:5      | Noticed Blork the orc
  5659 | D:5      | Killed Blork the orc
  5659 | D:5      | Reached skill level 6 in Earth Magic
  5659 | D:5      | Reached XP level 8. HP: 46/46 MP: 1/14
  5670 | D:5      | Reached ** piety under Sif Muna
  5686 | D:5      | Identified Lee's Almanac of Battle Magic and the Arsonist
  5984 | D:6      | Reached skill level 7 in Earth Magic
  6182 | D:6      | Reached skill level 5 in Spellcasting
  6613 | D:6      | Reached skill level 8 in Earth Magic
  6853 | D:6      | Reached *** piety under Sif Muna
  6855 | D:6      | Reached XP level 9. HP: 50/52 MP: 6/17
  7163 | D:6      | Reached skill level 9 in Earth Magic
  7433 | D:7      | Noticed Statics's ghost (novice FoFi)
  8099 | D:7      | Reached skill level 10 in Earth Magic
  8109 | D:7      | Killed from afar by an orc priest

Action                   |  1- 3 |  4- 6 |  7- 9 || total
-------------------------+-------+-------+-------++-------
Melee: Unarmed           |    45 |       |       ||    45
       Dagger            |   122 |    58 |       ||   180
       Hand axe          |       |    37 |    43 ||    80
 Cast: Sandblast         |    13 |    32 |    26 ||    71
       Stone Arrow       |     6 |    41 |    64 ||   111
       Lee's Rapid Decon |       |       |    16 ||    16
Invok: Channel Energy    |       |       |    14 ||    14
 Stab: Sleeping          |     3 |     2 |       ||     5
       Distracted        |     1 |       |       ||     1
  Eat: Chunk             |     4 |    13 |     9 ||    26
       Pizza             |       |       |     2 ||     2
       Royal jelly       |       |       |     1 ||     1
       Meat ration       |       |       |     1 ||     1
